 Dungeon Crawl Stone Soup version 0.19.1 (webtiles) character file.

36 esteth the Skirmisher (level 3, -1/29 HPs)
             Began as a Formicid Abyssal Knight on Dec 19, 2016.
             Was a Follower of Lugonu.
             Slain by a gnoll
             ... wielding a +2 whip of draining
              (11 damage)
             ... on level 1 of the Dungeon.
             The game lasted 00:02:48 (1219 turns).

esteth the Skirmisher (Formicid Abyssal Knight)     Turns: 1219, Time: 00:02:49

Health: -1/29      AC:  3    Str: 17    XL:     3   Next: 57%
Magic:  4/4        EV: 11    Int: 11    God:    Lugonu [*.....]
Gold:   42         SH:  0    Dex: 10    Spells: 0 memorised, 2 levels left

rFire  . . .     SeeInvis +     a - +1 hand axe
rCold  . . .     Gourm    .     b - +0 leather armour
rNeg   . . .     Faith    .     (no shield)
rPois  .         Spirit   .     (helmet unavailable)
rElec  .         Reflect  .     (no cloak)
rCorr  .         Harm     .     (no gloves)
MR     .....                    (no boots)
Stlth  +.........               (no amulet)
                                (no ring)
                                (no ring)

@: drained
A: permanent stasis, dig shafts and tunnels, four strong arms, antennae 3
a: Dig, Shaft Self, Depart the Abyss, Renounce Religion


You were on level 1 of the Dungeon.
You worshipped Lugonu.
Lugonu was aware of your devotion.
You were not hungry.

You visited 1 branch of the dungeon, and saw 1 of its levels.
You visited the Abyss 1 time.

You collected 42 gold pieces.

Inventory:

Hand Weapons
 a - a +1 hand axe (weapon)
Missiles
 h - 4 large rocks
Armour
 b - a +0 leather armour (worn)
Jewellery
 g - an uncursed ring of flight {unknown}
Scrolls
 d - 3 scrolls of remove curse {unknown}
 i - 2 scrolls of teleportation {unknown}
Potions
 e - a potion of curing {unknown}
 f - 2 potions of magic {unknown}
 j - a potion of mutation {unknown}
Comestibles
 c - a bread ration


   Skills:
 + Level 3.6(2.8) Fighting
 * Level 2.8(2.0) Axes
 + Level 2.6(1.8) Armour
 - Level 1.1(0.4) Dodging
 - Level 2.2(1.4) Invocations


You had 2 spell levels left.
You didn't know any spells.

Dungeon Overview and Level Annotations

Branches:
Dungeon (1/15)

Altars:


Innate Abilities, Weirdness & Mutations

You are under a permanent stasis effect.
You can dig through walls and to a lower floor.
Your four strong arms can wield two-handed weapons with a shield.
You have a pair of large antennae on your head. (SInv)


Message History

There is an open door here.
A gnoll comes into view. It is wielding a whip of draining.
The gnoll shouts!
A gnoll is nearby!
The gnoll misses you.
You see here a kobold corpse.
You closely miss the gnoll. The gnoll hits you but does no damage.
You feel drained.
You hit the gnoll.
The gnoll is moderately wounded.
The gnoll hits you with a whip of draining!
You feel drained. The gnoll closely misses you.
You hit the gnoll.
The gnoll is heavily wounded.
The gnoll hits you with a whip of draining.
You feel drained.
Your leather armour prevents you from hitting the gnoll.
The gnoll is heavily wounded.
The gnoll hits you with a whip of draining!
You die...

#......#...######.# ##.
#.##.#............# #..
#.##.####..######## #.. #
#.##.......# ########.. #
##.#######'## #......... #
##...## ##...###.######.. #
#.>...###.....##.# ###.. #
##.....##..)....#.####.#..
########......#.@........##......
...............g................#
########...#.#...........##.....#
#......#.#.......#.##.#.#.#
#.#.####.##.....##........#
#.#......###...##.##.######
#.######## ##+##..##..# #.#
#.####..### #.# #.####>.###


You could see a gnoll.

Vanquished Creatures
  An ooze (D:1)
  A dart slug (D:1)
  2 leopard geckos (D:1)
  5 bats (D:1)
  5 goblins (D:1)
  2 hobgoblins (D:1)
  4 kobolds (D:1)
  6 rats (D:1)
26 creatures vanquished.

Notes
Turn   | Place    | Note
-------+----------+-------------------------------------------
     0 | Abyss:1  | esteth the Formicid Abyssal Knight began the quest for the Orb.
     0 | Abyss:1  | Reached XP level 1. HP: 18/18 MP: 2/2
    62 | Abyss:1  | Noticed a small abomination
    62 | Abyss:1  | Noticed an ancient zyme
    63 | D:1      | Escaped the Abyss
    73 | D:1      | Reached skill level 1 in Dodging
   242 | D:1      | Reached * piety under Lugonu
   267 | D:1      | Reached XP level 2. HP: 19/24 MP: 3/3
   676 | D:1      | Reached XP level 3. HP: 29/29 MP: 4/4
  1219 | D:1      | Slain by a gnoll

Skill      XL: |  1 |
---------------+----+-----
Dodging        | 1 |  1.1
Fighting       | |  3.6
Axes           | |  2.8
Armour         | |  2.6
Invocations    | |  2.2

Action                   || total
-------------------------++-------
Melee: Hand axe          ||    79
Invok: Depart the Abyss  ||     1
 Abil: Dig               ||     1
  Eat: Chunk             ||     1
Armor: Leather armour    ||    32
Dodge: Dodged            ||    60
